AoeStats
← HerrFischer

Arabia

510294988Analyzed
1v1 RM · 21h ago on Sep 30, 2026· 46m 8s· 2 players
Game mode
Random Map
Map size
Tiny (2 player)
Population
200
Speed
Normal
Resources
Standard
Victory
Conquest
Starting age
Dark Age
Ending age
Imperial Age
RankedLock teamsTeams togetherTeam positionsShared explorationLock speedFull tech treeHidden civsTurbo modeCheats
Victory
Defeat
🇬🇧 Inca · United Kingdom
1288
+14
🇩🇪 Persians · Germany
1243
-14
HerrFischer
6:28 Loom
9:21 Feudal Age
9:54 Double-Bit Axe
9:55 Horse Collar
17:27 Bloodlines
19:54 Wheelbarrow
21:13 Scale Barding Armor
24:02 Castle Age
24:14 Forging
24:15 Fletching
24:44 Light Cavalry
26:11 Town Watch
33:03 Bow Saw
32:55 Heavy Plow
32:46 Crossbowman
34:37 Husbandry
35:06 Thumb Ring
36:03 Ballistics
35:33 Guard Tower
36:44 Hand Cart
36:58 Kamandaran
37:35 Bodkin Arrow
37:40 Padded Archer Armor
39:31 Town Patrol
42:20 Imperial Age
40:34 Leather Archer Armor
41:36 Chain Barding Armor
42:53 Iron Casting
43:21 Ring Archer Armor
43:05 Hussar
46:45 Chemistry
Consultio
5:11 Loom
10:21 Feudal Age
10:51 Double-Bit Axe
10:51 Horse Collar
16:42 Fletching
24:00 Castle Age
22:10 Scale Mail Armor
24:29 Pikeman
24:31 Crossbowman
25:24 Forging
26:25 Bow Saw
26:35 Squires
27:05 Heavy Plow
26:58 Town Watch
28:16 Wheelbarrow
28:18 Elite Skirmisher
29:25 Champi Runner
30:10 Padded Archer Armor
30:38 Bodkin Arrow
31:01 Hand Cart
35:14 Leather Archer Armor
39:35 Imperial Age
37:22 Masonry
37:59 Ballistics
37:46 Andean Sling
37:56 Thumb Ring
38:52 Town Patrol
39:11 Chain Mail Armor
39:01 Treadmill Crane
39:43 Arbalester
40:25 Bracer
41:02 Conscription
42:17 Halberdier
43:34 Ring Archer Armor
43:35 Plate Mail Armor
45:11 Iron Casting
Connection lost

Rejoining the realm…

Still unreachable

The connection could not be restored.

Session expired

The server has moved on; the page needs a fresh start.